 Dungeon Crawl Stone Soup version 0.19-a0-276-g3ff07cd (webtiles) character file.

656 Ordine the Changer (level 7, -3/43 HPs)
             Began as an Octopode Transmuter on May 26, 2016.
             Killed from afar by an orc wizard (10 damage)
             ... with a magic dart
             ... on level 3 of the Dungeon.
             The game lasted 00:12:10 (3487 turns).

Ordine the Changer (Octopode Transmuter)            Turns: 3487, Time: 00:12:11

Health: -3/43      AC:  2    Str:  9    XL:     7   Next: 55%
Magic:  7/10       EV: 19    Int: 18    God:
Gold:   240        SH:  0    Dex: 17    Spells: 3 memorised, 1 level left

rFire  . . .     SeeInvis .       - Unarmed
rCold  . . .     Gourm    .     (shield currently unavailable)
rNeg   . . .     Faith    .     (helmet currently unavailable)
rPois  x         Spirit   .     (no amulet)
rElec  .         Dismiss  .     (no ring)
rCorr  .         Reflect  .     (no ring)
SustAt .         Harm     .     (no ring)
MR     .....                    (no ring)
Stlth  ++........               (no ring)
                                (no ring)
                                (no ring)
                                (no ring)

@: spider-form, not resistant to hostile enchantments, unstealthy
A: almost no armour, (amphibious), 8 rings, (constrict 8), (camouflage 0),
(gelatinous body 0)
a: End Transformation


You were on level 3 of the Dungeon.
You were hungry.
You were a venomous arachnid creature.
You visited 1 branch of the dungeon, and saw 4 of its levels.

You collected 240 gold pieces.

Inventory:

Scrolls
 e - 2 scrolls of fear
 f - 2 scrolls of remove curse
 h - a scroll of teleportation
Books
 b - a book of Changes

   Spells                             Type                      Level
   a - Beastly Appendage              Transmutation                1
   b - Sticks to Snakes               Transmutation                2
   c - Spider Form                    Transmutation/Poison         3
   d - Ice Form                       Ice/Transmutation            4
   e - Blade Hands                    Transmutation                5
Comestibles
 a - 9 chunks of flesh
 c - 2 bread rations
 d - 2 slices of pizza
 g - 2 meat rations


   Skills:
 - Level 1.0 Fighting
 - Level 2.0 Dodging
 + Level 5.4 Unarmed Combat
 - Level 2.0 Spellcasting
 * Level 6.8 Transmutations


You had one spell level left.
You knew the following spells:

 Your Spells              Type           Power        Failure   Level  Hunger
a - Beastly Appendage     Tmut           ####..       6%          1    #......
b - Spider Form           Tmut/Pois      ##........   36%         3    ###....
c - Blade Hands           Tmut           ####......   56%         5    ######.


Dungeon Overview and Level Annotations

Branches:
Dungeon (4/15)
 Temple: D:4-7

Altars:
Gozag


Innate Abilities, Weirdness & Mutations

You cannot wear most types of armour.
((You are amphibious.))
You can wear up to eight rings at the same time.
((You can use your tentacles to constrict eight enemies at once.))
((Your skin changes colour to match your surroundings (Stealth+).))
((Your rubbery body absorbs attacks. (AC +1)))


Message History

An orc wizard comes into view. It is wielding a dagger.
The orc wizard shouts!
An orc comes into view. It is wielding a mace.
The phantom blinks!
Found 26 sling bullets.
An orc comes into view.
There is an escape hatch in the ceiling here.
The orc shouts!
The orc wizard mumbles some strange words.
The orc wizard blinks!
The orc moves out of view.
A mysterious force pulls you upwards. The hatch slams shut behind you.
Unknown command.
Unknown command.
Unknown command.
Casting: Spider Form
Confirm with . or Enter, or press ? or * to list all spells.
You turn into a venomous arachnid creature.
The orc wizard gestures at you while chanting.
The magic dart hits you!
You die...

#.# ####.# ######## #.# #.#
#....... #)# #.# #.######
#)#### #.# #.# #)##.## #.#
#.# #)#...## #.# #.#
###......## #.# #.#
..#.......########.# #.#
#..............os..# #.#
#.#.......##########
####.###### #.##.....##
#..........
#.###...#############
#.##.###### #.#
#...............# #.##.......
#.#
##.########.###.###.#########
#.# ### ##.#.##.....>........
#.# #.#.....############# ..#
##...#### #


You could see an orc wizard.

Vanquished Creatures
  Grinder (D:3)
  Sigmund (D:2)
  A scorpion (D:4)
  A howler monkey (D:4)
  An orc priest (D:4)
  Crazy Yiuf (D:3)
  Natasha (D:4)
  Robin (D:3)
  2 adders
  3 worms
  3 dart slugs
  3 giant geckos
  12 orcs
  10 bats
  4 giant cockroaches
  9 goblins
  8 hobgoblins
  5 jackals
  7 kobolds
  A quokka (D:2)
  4 giant newts
  A quokka skeleton (D:4)
  8 rats
88 creatures vanquished.

Notes
Turn   | Place    | Note
--------------------------------------------------------------
     0 | D:1      | Ordine the Octopode Transmuter began the quest for the Orb.
     0 | D:1      | Reached XP level 1. HP: 13/13 MP: 3/3
   340 | D:1      | Reached XP level 2. HP: 16/18 MP: 5/5
   784 | D:2      | Noticed Sigmund
   794 | D:2      | Killed Sigmund
   794 | D:2      | Reached skill level 4 in Transmutations
   794 | D:2      | Reached XP level 3. HP: 13/23 MP: 4/6
   794 | D:2      | Reached XP level 4. HP: 15/28 MP: 4/7
   794 | D:2      | Reached XP level 5. HP: 18/33 MP: 4/8
  1312 | D:2      | Learned a level 3 spell: Spider Form
  1369 | D:2      | Found a faded altar to an unknown god.
  1754 | D:2      | Found an opulent altar of Gozag.
  2064 | D:3      | Reached skill level 5 in Transmutations
  2128 | D:3      | Reached XP level 6. HP: 38/38 MP: 9/9
  2145 | D:3      | Learned a level 5 spell: Blade Hands
  2210 | D:3      | Noticed Grinder
  2212 | D:3      | Paralysed by Grinder for 4 turns
  2233 | D:3      | Killed Grinder
  2233 | D:3      | Reached skill level 5 in Unarmed Combat
  2301 | D:3      | Reached skill level 6 in Transmutations
  2419 | D:3      | Noticed Robin
  2427 | D:3      | Reached XP level 7. HP: 36/43 MP: 7/10
  2444 | D:3      | Killed Robin
  2881 | D:3      | Noticed Crazy Yiuf
  2892 | D:3      | Killed Crazy Yiuf
  3305 | D:4      | Noticed Natasha
  3323 | D:4      | Killed Natasha
  3487 | D:3      | Killed from afar by an orc wizard

Vault maps used:
D:1:      scummos_arrival_hexagon, minivault_27
D:2:      lemuel_coloured_pillars_altar, ecumenical_altar_1,
          nicolae_underground_beach, uniq_sigmund
D:3:      uniq_robin, uniq_grinder, uniq_crazy_yiuf_cottage
D:4:      first_bread, nrook_mini_backslash, uniq_natasha

Skill      XL: |  1  2  3  4  5  6 |
---------------+-------------------+-----
Unarmed Combat | 4 5 |  5.4
Transmutations | 4 5 6 |  6.8
Fighting       | |  1.0
Dodging        | |  2.0
Spellcasting   | |  2.0

Action                   |  1- 3 |  4- 6 |  7- 9 || total
-------------------------+-------+-------+-------++-------
Melee: Unarmed           |    32 |   115 |    94 ||   241
       Tentacles         |     8 |    12 |     4 ||    24
       Constrict         |     9 |    20 |     7 ||    36
       Punch             |     2 |       |     1 ||     3
 Cast: Spider Form       |       |     4 |     8 ||    12
       Beastly Appendage |       |     1 |       ||     1
  Use: Scroll            |     4 |     3 |     1 ||     8
       Potion            |     3 |     2 |       ||     5
 Stab: Sleeping          |     6 |     2 |     4 ||    12
       Distracted        |       |       |     1 ||     1
  Eat: Chunk             |       |     5 |     4 ||     9
Armor: Skin              |     5 |     5 |     1 ||    11
Dodge: Dodged            |    19 |    62 |    68 ||   149
